 Dungeon Sprint DCSS version 0.30.0-29-ga12c61a403 (webtiles) character file.

Game seed: 5615361759939431924

8233 boopmooplesden the Slayer (level 14, -10/159 HPs)
             Began as a Minotaur Berserker on June 19, 2023.
             Was the Champion of Trog.
             Blown up by an orb spider (37 damage)
             ... with an orb of destruction
             ... in the Dungeon (Sprint VI: "Thunderdome").
             The game lasted 00:12:22 (1870 turns).

boopmooplesden the Slayer (Minotaur Berserker)      Turns: 1870, Time: 00:12:23

Health: -10/159    AC: 34    Str: 36    XL:     14   Next: 33%
Magic:  13/13      EV: 10    Int: 10    God:    Trog [******]
Gold:   1263       SH:  0    Dex:  9    Spells: 13/13 levels left

rFire   + + .        q - +9 lajatang (flame)
rCold   . . .        (shield currently unavailable)
rNeg    + + .        t - +3 crystal plate armour of the Onion {rElec Will++}
rPois   +            (helmet restricted)
rElec   +            u - +0 cloak of Chimes {rPois Will+ Str+3 Dex-4}
rCorr   +            v - +0 pair of gloves "Ynoi" {rF+ rC+}
SInv    +            d - +1 pair of boots "Vaidor" {Rampage SInv}
Will    +++++        n - amulet of Tuxis {rElec rN+ Regen+ SInv} Stlth
                     o - ring "Qumeugg" {rC- rN+ rCorr Str+3 Int+6}
HPRegen 2.26/turn    y - ring "Cuseowij" {rF+ Str+6}
MPRegen 0.13/turn

%: no teleportation, rampage
@: strong-willed, on berserk cooldown, regenerating, slowed, very slow
A: horns 2, retaliatory headbutt
}: 2/15 runes: decaying, gossamer
a: Renounce Religion, Berserk, Trog's Hand, Brothers in Arms


You were in the Dungeon.
You worshipped Trog.
Trog was exalted by your worship.
You visited 1 branch You collected 4000 gold pieces.
You spent 2737 gold pieces at shops.

Inventory:

Hand Weapons
 a - a +0 hand axe
 c - a +0 broad axe
 i - a +4 battleaxe of flaming
 q - a +9 lajatang of flaming (weapon)
 w - a +3 executioner's axe of flaming
 A - the +8 quarterstaff of Trog's Fury {heavy, SInv}
   (Trog gifted it to you in the Dungeon)

   SInv:      It lets you see invisible.
Armour
 b - a +0 animal skin
 d - the +1 pair of boots "Vaidor" (worn) {Rampage SInv}
   (You bought it in a shop in the Dungeon)

   SInv:      It lets you see invisible.
   Rampage:   It bestows one free step when moving towards enemies.
 p - a +0 cloak
 r - the +0 animal skin of Defiance {rF+ Dex+3}
   (You bought it in a shop in the Dungeon)

   Dex:       It affects your dexterity (+3).
   rF:        It protects you from fire.
 t - the +3 crystal plate armour of the Onion (worn) {rElec Will++}
   (You found it in the Dungeon)

   rElec:     It insulates you from electricity.
   Will:      It greatly increases your willpower.
 u - the +0 cloak of Chimes (worn) {rPois Will+ Str+3 Dex-4}
   (You bought it in a shop in the Dungeon)

   Str:       It affects your strength (+3).
   Dex:       It affects your dexterity (-4).
   rPois:     It protects you from poison.
   Will:      It increases your willpower.
 v - the +0 pair of gloves "Ynoi" (worn) {rF+ rC+}
   (You bought it in a shop in the Dungeon)

   rF:        It protects you from fire.
   rC:        It protects you from cold.
 x - the +0 pair of boots of Jeunnano {Rampage rPois SInv}
   (You bought it in a shop in the Dungeon)

   rPois:     It protects you from poison.
   SInv:      It lets you see invisible.
   Rampage:   It bestows one free step when moving towards enemies.
Jewellery
 m - the ring "Umejudwa" {MP+9 Str+4 SInv}
   (You bought it in a shop in the Dungeon)

   [ring of see invisible]

   Str:       It affects your strength (+4).
   MP:        It affects your magic capacity (+9).
   SInv:      It lets you see invisible.
 n - the amulet of Tuxis (around neck) {rElec rN+ Regen+ SInv}
   (You bought it in a shop in the Dungeon)

   [amulet of regeneration]

   rElec:     It insulates you from electricity.
   rN:        It protects you from negative energy.
   SInv:      It lets you see invisible.
   Regen:     It increases your rate of health regeneration.
 o - the ring "Qumeugg" (left hand) {rC- rN+ rCorr Str+3 Int+6}
   (You bought it in a shop in the Dungeon)

   [ring of intelligence]

   Str:       It affects your strength (+3).
   Int:       It affects your intelligence (+6).
   rC:        It makes you vulnerable to cold.
   rN:        It protects you from negative energy.
   rCorr:     It protects you from acid and corrosion.
 y - the ring "Cuseowij" (right hand) {rF+ Str+6}
   (You found it in the Dungeon)

   [ring of strength]

   Str:       It affects your strength (+6).
   rF:        It protects you from fire.
Wands
 j - a wand of light (5)
 k - a wand of iceblast (5)
Scrolls
 h - 4 scrolls of blinking
 l - 3 scrolls of fog
 s - 4 scrolls of enchant weapon
Potions
 e - a potion of haste
 f - 2 potions of magic
 g - a potion of berserk rage
 z - a potion of brilliance {unknown}


   Skills:
 + Level 24.1 Fighting
 + Level 17.7 Axes
 + Level 21.1 Staves
 + Level 17.7 Armour
 + Level 10.6 Dodging
 + Level 0.3 Stealth


You had 13 spell levels left.
You didn't know any spells.
Your spell library was empty.

Dungeon Overview and Level Annotations

Branches:
Dungeon (1/1)

Altars:
Cheibriados
Dithmenos
Fedhas
Gozag
Kikubaaqudgha
Makhleb
Okawaru
Qazlal
Ru
Sif Muna
Trog
Uskayaw
Vehumet
Wu Jian
Xom
Yredelemnul
Zin
The Shining One
Lugonu

Shops:
D *[??*?*:[((!!!!


Innate Abilities, Weirdness & Mutations

You have a pair of horns on your head.
You reflexively headbutt those who attack you in melee.


Message History

You see here a +2 quarterstaff of flaming.
A freezing mist starts to gather...
A wolf spider simulacrum comes into view.
Your Fighting skill increases to level 24!
You slice the radroach simulacrum!!
You melt the radroach simulacrum.
The radroach simulacrum vaporises!
The orb spider weaves a glowing orb of energy.
An orb of destruction comes into view.
You slash the wolf spider! You burn the wolf spider.
The wolf spider is moderately wounded.
The orb of destruction hits you!! The wolf spider barely misses you.
The wolf spider bites you but does no damage.
The orb spider pulsates with a strange energy.
You slice the wolf spider!! You burn the wolf spider!
You kill the wolf spider!
Trog accepts your kill.
The wolf spider simulacrum hits you but does no damage.
The wolf spider simulacrum bites you but does no damage.
You slice the wolf spider simulacrum!!
You melt the wolf spider simulacrum!
The wolf spider simulacrum vaporises!
The orb of destruction hits you!!!
* * * LOW HITPOINT WARNING * * *
The orb spider begins to weave its threads into a brightly glowing ball.
Really walk into that cloud of freezing vapour? [Y]es or [N]o only, please.
Really walk into that cloud of freezing vapour? [Y]es or [N]o only, please.
Really walk into that cloud of freezing vapour?
Okay, then.
The orb spider weaves a glowing orb of energy.
An orb of destruction comes into view.
You feel a strong urge to attack something.
You are no longer berserk.
You are exhausted.
You feel yourself slow down.
Your skin crawls.
You feel strong-willed.
The orb spider's soul is no longer bound.
The orb of destruction hits you!!!
You die...

##⌠⌠⌠## #.....# ##.....##
##∩.....∩## #∩.......s#
#_....°.._# #_....)...#
#_.s○°○○._# ###....°..@.###
#⌠.....s.....⌠#
######.8.†)..)...8.######
##.__......[###......__.∩##
#∩........8.# #.8........∩###
......[[....###[............##
...[...).###...###..........⌠#
......†..# #.<.# #..........⌠#
.......[.###...###..........⌠#


You could see 3 orb spiders.

Vanquished Creatures
  3 ghouls (D)
  A vampire knight (D)
  An eidolon (D)
  Josephine (D)
  A wizard (D)
  2 jumping spiders (D)
  A jorogumo (D)
  A hydra (D)
  A radroach (D)
  12 boulder beetles (D)
  A vampire mage (D)
  Nergalle (D)
  2 pharaoh ants (D)
  A goliath frog (D)
  2 necromancers (D)
  A steelbarb worm (D)
  5 phantasmal warriors (D)
  A will-o-the-wisp (D)
  5 wolf spiders (D)
  Joseph (D)
  A torpor snail (D)
  A demonic crawler (D)
  A freezing wraith (D)
  A komodo dragon (D)
  A troll (D)
  A tyrant leech (D)
  2 hornets (D)
  A yak (D)
  2 spriggans (D)
  A shadow (D)
  9 wraiths (D)
  A golden eye (D)
  A redback (D)
  5 floating eyes (D)
  A swamp drake (D)
  4 scorpions (D)
  A killer bee (D)
  3 jellies (D)
  An iguana (D)
  6 mummies (D)
  A worm (D)
  4 giant cockroaches (D)
93 creatures vanquished.

Vanquished Creatures (others)
  A bloated husk (D)
  2 foxfires (D)
3 creatures vanquished.

Grand Total: 96 creatures vanquished

Notes
Turn   | Place    | Note
-------+----------+-------------------------------------------
     0 | D        | boopmooplesden the Minotaur Berserker began the quest for
                  | the Orb.
     0 | D        | Reached XP level 1. HP: 19/19 MP: 0/0
     3 | D        | Found a snail-covered altar of Cheibriados.
     4 | D        | Found a glowing silver altar of Zin.
     4 | D        | Found a shimmering blue altar of Sif Muna.
     5 | D        | Found a glowing golden altar of the Shining One.
     5 | D        | Found a basalt altar of Yredelemnul.
     5 | D        | Round 1.
     6 | D        | Found a stormy altar of Qazlal.
     6 | D        | Found a corrupted altar of Lugonu.
     6 | D        | Found Logom's Identification Station.
     7 | D        | Found Fydus's Jewellery.
     7 | D        | Found Viuhere's Advanced Armour.
    15 | D        | Bought a scorched ivory ring for 45 gold pieces
    15 | D        | Identified the ring "Umejudwa" {MP+9 Str+4 SInv} (You
                  | bought it in a shop in the Dungeon)
    15 | D        | Bought a heavily runed silver amulet for 45 gold pieces
    15 | D        | Identified the amulet of Tuxis {rElec rN+ Regen+ SInv} (You
                  | bought it in a shop in the Dungeon)
    15 | D        | Bought a transparent glass ring for 45 gold pieces
    15 | D        | Identified the ring "Qumeugg" {rC- rN+ rCorr Str+3 Int+6}
                  | (You bought it in a shop in the Dungeon)
    31 | D        | Found a sacrificial altar of Ru.
    33 | D        | Found an ornate altar of the Wu Jian Council.
    33 | D        | Found an opulent altar of Gozag.
    35 | D        | Found Umalaig's Premium Goods.
    36 | D        | Found a shadowy altar of Dithmenos.
    36 | D        | Found Saunoah's Weapon Rack.
    36 | D        | Found Juolaufiec's Miscellaneous Merchandise.
    36 | D        | Found Ocinorio's Basic Armour.
    40 | D        | Found a radiant altar of Vehumet.
    41 | D        | Found an ancient bone altar of Kikubaaqudgha.
    47 | D        | Bought a +0 cloak for 54 gold pieces
    64 | D        | Found a blossoming altar of Fedhas.
    64 | D        | Found a shimmering altar of Xom.
    65 | D        | Found an iron altar of Okawaru.
    68 | D        | Noticed a scorpion
    69 | D        | Found a hide-covered altar of Uskayaw.
    71 | D        | Noticed a scorpion
    71 | D        | Noticed a scorpion
    75 | D        | Killed a scorpion
    76 | D        | Reached skill level 6 in Fighting
    76 | D        | Reached XP level 2. HP: 31/31 MP: 1/1
    76 | D        | Reached XP level 3. HP: 38/38 MP: 2/2
    76 | D        | Found Tixi's Distillery.
    76 | D        | Found Taor's Do-It-Yourself Clinic.
    78 | D        | Killed a scorpion
    79 | D        | Reached skill level 7 in Fighting
    79 | D        | Reached XP level 4. HP: 48/48 MP: 3/3
    79 | D        | Found Etune's Distillery.
    79 | D        | Found Zydgh's Bottled Wisdom.
    87 | D        | Killed a scorpion
    87 | D        | Reached ** piety under Trog
    88 | D        | Reached skill level 8 in Fighting
    88 | D        | Reached XP level 5. HP: 51/56 MP: 4/4
    98 | D        | Found a bloodstained altar of Trog.
    98 | D        | Found a burning altar of Makhleb.
    99 | D        | Found Ciymp's Magic Scroll Shop.
    99 | D        | Found Keiwitoi's Staff Store.
   100 | D        | Found Qaz Sawk's Magic Scroll Shop.
   100 | D        | Found Plog's Must-Have Magic.
   127 | D        | Reached skill level 9 in Fighting
   127 | D        | Reached skill level 5 in Armour
   127 | D        | Reached skill level 5 in Dodging
   137 | D        | Arena points: 12 (+12) [x2]
   138 | D        | Reached skill level 10 in Axes
   138 | D        | Reached XP level 6. HP: 35/66 MP: 5/5
   209 | D        | Round 2.
   225 | D        | Reached skill level 10 in Fighting
   265 | D        | Reached *** piety under Trog
   312 | D        | Arena points: 48 (+36) [x3]
   374 | D        | Round 3.
   448 | D        | Reached **** piety under Trog
   541 | D        | Arena points: 132 (+84) [x4]
   564 | D        | Bought a +0 broad axe for 120 gold pieces
   578 | D        | Round 4.
   581 | D        | Noticed a komodo dragon
   585 | D        | Noticed a troll
   586 | D        | Noticed Joseph
   586 | D        | Noticed a shadow
   595 | D        | Killed a troll
   595 | D        | Reached ***** piety under Trog
   596 | D        | Reached skill level 11 in Fighting
   596 | D        | Reached XP level 7. HP: 46/74 MP: 6/6
   597 | D        | Killed a komodo dragon
   598 | D        | Reached skill level 12 in Fighting
   602 | D        | Killed Joseph
   603 | D        | Reached skill level 13 in Fighting
   603 | D        | Reached XP level 8. HP: 21/86 MP: 7/7
   606 | D        | HP: 1/129 [shadow (11)]
   607 | D        | Received a gift from Trog
   623 | D        | Arena points: 272 (+140) [x5]
   624 | D        | Reached skill level 15 in Axes
   649 | D        | Bought an ichor-stained animal skin for 185 gold pieces
   649 | D        | Identified the +0 animal skin of Defiance {rF+ Dex+3} (You
                  | bought it in a shop in the Dungeon)
   682 | D        | Round 5.
   682 | D        | Noticed a witch
   689 | D        | Noticed a seven-headed hydra
   697 | D        | Noticed a four-headed hydra
   701 | D        | Noticed a swamp dragon
   701 | D        | Noticed a four-headed hydra
   702 | D        | Killed a witch
   702 | D        | Identified the +3 crystal plate armour of the Onion {rElec
                  | Will++} (You found it in the Dungeon)
   702 | D        | Arena points: 552 (+280) [x7]
   703 | D        | Reached skill level 14 in Fighting
   703 | D        | Reached skill level 1 in Staves
   703 | D        | Reached XP level 9. HP: 33/96 MP: 8/8
   705 | D        | Got a decaying rune of Zot
   728 | D        | Bought an encrusted hat for 315 gold pieces
   728 | D        | Identified the -2 hat of Honour {rElec} (You bought it in a
                  | shop in the Dungeon)
   859 | D        | Round 6.
   862 | D        | Noticed a tyrant leech
   871 | D        | Killed a tyrant leech
   891 | D        | Noticed a bloated husk
   893 | D        | Killed a bloated husk
   899 | D        | Noticed a seven-headed hydra
   904 | D        | Noticed a spriggan rider
   907 | D        | Killed a three-headed hydra
   908 | D        | Reached skill level 15 in Fighting
   908 | D        | Reached skill level 5 in Staves
   908 | D        | Reached skill level 10 in Dodging
   908 | D        | Noticed a goliath frog
   921 | D        | Killed a goliath frog
   958 | D        | Noticed a spriggan rider
   958 | D        | Noticed a will-o-the-wisp
   964 | D        | Reached XP level 10. HP: 70/106 MP: 9/9
   967 | D        | Killed a will-o-the-wisp
   967 | D        | Reached ****** piety under Trog
   970 | D        | Arena points: 984 (+432) [x8]
   984 | D        | Bought a pair of ancient boots for 332 gold pieces
   984 | D        | Identified the +1 pair of boots "Vaidor" {Rampage SInv}
                  | (You bought it in a shop in the Dungeon)
  1014 | D        | Round 7.
  1025 | D        | Noticed Nergalle
  1030 | D        | Noticed a phantasmal warrior
  1033 | D        | Killed Nergalle
  1033 | D        | Received a gift from Trog
  1033 | D        | Noticed a phantasmal warrior
  1034 | D        | Reached skill level 16 in Fighting
  1047 | D        | Killed a phantasmal warrior
  1048 | D        | Reached skill level 10 in Staves
  1048 | D        | Reached skill level 10 in Armour
  1049 | D        | Killed a phantasmal warrior
  1064 | D        | Noticed a phantasmal warrior
  1073 | D        | Killed a phantasmal warrior
  1073 | D        | Received a gift from Trog
  1079 | D        | Arena points: 1551 (+567) [x9]
  1103 | D        | Bought a shimmering cloak for 332 gold pieces
  1103 | D        | Identified the +0 cloak of Chimes {rPois Will+ Str+3 Dex-4}
                  | (You bought it in a shop in the Dungeon)
  1134 | D        | Round 8.
  1135 | D        | Noticed a phantasmal warrior
  1135 | D        | Noticed a phantasmal warrior
  1135 | D        | Noticed an eidolon
  1144 | D        | Killed a phantasmal warrior
  1145 | D        | Reached skill level 17 in Fighting
  1149 | D        | Killed an eidolon
  1150 | D        | Reached XP level 11. HP: 117/117 MP: 10/10
  1155 | D        | Killed a phantasmal warrior
  1155 | D        | Received a gift from Trog
  1165 | D        | Arena points: 2271 (+720) [x10]
  1172 | D        | Bought a pair of jewelled gloves for 332 gold pieces
  1172 | D        | Identified the +0 pair of gloves "Ynoi" {rF+ rC+} (You
                  | bought it in a shop in the Dungeon)
  1221 | D        | Round 9.
  1231 | D        | Paralysed by a floating eye for 2 turns
  1237 | D        | Paralysed by a floating eye for 3 turns
  1242 | D        | Reached skill level 15 in Staves
  1244 | D        | Received a gift from Trog
  1273 | D        | Paralysed by a floating eye for 4 turns
  1282 | D        | Arena points: 3261 (+990) [x11]
  1297 | D        | Bought a pair of heavily runed boots for 332 gold pieces
  1297 | D        | Identified the +0 pair of boots of Jeunnano {Rampage rPois
                  | SInv} (You bought it in a shop in the Dungeon)
  1297 | D        | Round 10.
  1364 | D        | Noticed a jorogumo
  1366 | D        | Reached skill level 18 in Fighting
  1375 | D        | Killed a jorogumo
  1388 | D        | Received a gift from Trog
  1401 | D        | Noticed a pharaoh ant
  1407 | D        | Killed a pharaoh ant
  1421 | D        | Identified the ring "Cuseowij" {rF+ Str+6} (You found it in
                  | the Dungeon)
  1421 | D        | Arena points: 4431 (+1170) [x13]
  1426 | D        | Got a gossamer rune of Zot
  1431 | D        | Reached XP level 12. HP: 115/129 MP: 11/11
  1432 | D        | Reached skill level 19 in Fighting
  1432 | D        | Reached XP level 13. HP: 124/137 MP: 12/12
  1470 | D        | Bought 8 scrolls of enchant weapon for 600 gold pieces
  1598 | D        | Round 11.
  1624 | D        | Reached skill level 20 in Fighting
  1624 | D        | Reached skill level 15 in Armour
  1634 | D        | Received a gift from Trog
  1662 | D        | Reached skill level 21 in Fighting
  1664 | D        | Arena points: 6433 (+2002) [x14]
  1679 | D        | Round 12.
  1687 | D        | Noticed Josephine
  1694 | D        | Killed Josephine
  1694 | D        | Received a gift from Trog
  1695 | D        | Reached XP level 14. HP: 125/152 MP: 13/13
  1696 | D        | Noticed a vampire knight
  1705 | D        | Killed a vampire knight
  1706 | D        | Reached skill level 22 in Fighting
  1737 | D        | Noticed a ghoul
  1743 | D        | Received a gift from Trog
  1747 | D        | Killed a ghoul
  1750 | D        | Noticed a ghoul
  1755 | D        | Noticed a ghoul
  1760 | D        | Killed a ghoul
  1760 | D        | Identified the +8 quarterstaff of Trog's Fury {heavy, SInv}
                  | (Trog gifted it to you in the Dungeon)
  1760 | D        | Received a gift from Trog
  1763 | D        | Killed a ghoul
  1763 | D        | Arena points: 8233 (+1800) [x15]
  1764 | D        | Reached skill level 23 in Fighting
  1828 | D        | Round 13.
  1862 | D        | Received a gift from Trog
  1863 | D        | Reached skill level 24 in Fighting
  1870 | D        | Blown up by an orb spider

Illustrated notes

Levels and vault maps discovered:
D:        arena_sprint

Skill      XL: |  1  2  3  4  5  6  7  8  9 10 11 12 13 14 |
---------------+-------------------------------------------+-----
Fighting       | 6 7 8 9 11 13 14 15 17 18 19 21 24 | 24.1
Axes           | 6 7 8 10 12 14 16 17 | 17.7
Armour         | 3 4 5 6 8 12 14 16 17 | 17.7
Dodging        | 3 4 5 6 7 9 10 | 10.6
Staves         | 1 7 13 16 17 19 21 | 21.1
Stealth        | |  0.3

Action                     |  1- 3 |  4- 6 |  7- 9 | 10-12 | 13-15 || total
---------------------------+-------+-------+-------+-------+-------++-------
  Melee: Hand axe          |     5 |    40 |       |       |       ||    45
         Headbutt          |       |    12 |    15 |    15 |    26 ||    68
         Broad axe         |       |     4 |    17 |       |       ||    21
         Punch             |       |     1 |       |       |       ||     1
         Lajatang          |       |       |    34 |   118 |   101 ||   253
 Invoke: Berserk           |     1 |     1 |     2 |     3 |     3 ||    10
         Trog's Hand       |       |     1 |       |       |     2 ||     3
    Use: Potion            |       |     1 |     8 |     2 |       ||    11
         Scroll            |       |       |       |       |     4 ||     4
 Armour: Animal skin       |       |     3 |     5 |       |       ||     8
         Crystal plate arm |       |       |    19 |    97 |   102 ||   218
  Dodge: Dodged            |     4 |    15 |    28 |    44 |    37 ||   128
